 Dungeon Crawl Stone Soup version 0.27-a0-262-gc50aac273e (webtiles) character file.

Game seed: 5037537246106982459

130 Borgoz the Skirmisher (level 5, -15/33 HPs)
             Began as a Gargoyle Berserker on Feb 5, 2021.
             Was a Believer of Trog.
             Killed by an exploding a dream sheep (47 damage)
             ... exploding inner flame
             ... on level 3 of the Dungeon.
             The game lasted 00:01:49 (2249 turns).

Borgoz the Skirmisher (Gargoyle Berserker)          Turns: 2249, Time: 00:01:49

Health: -15/33     AC:  8    Str: 20    XL:     5   Next: 13%
Magic:  5/5        EV: 12    Int:  8    God:    Trog [**....]
Gold:   171        SH:  0    Dex: 10    Spells: 4/4 levels left

rFire    . . .     SeeInvis .   a - +0 mace
rCold    . . .     Faith    .   (no shield)
rNeg     + . .     Spirit   .   b - +0 animal skin
rPois    ∞         Reflect  .   (no helmet)
rElec    +         Harm     .   l - +0 cloak
rCorr    .         Rampage  .   (no gloves)
Will     .....                  e - +0 pair of boots
Stlth    ++........             (no amulet)
HPRegen  0.11/turn              o - ring of flight (curse)
MPRegen  0.09/turn              p - ring of stealth

@: no status effects
A: negative energy resistance 1, electricity resistance, unbreathing,
petrification resistance, miasma immunity, AC +4
a: Renounce Religion, Evoke Flight, Berserk, Trog's Hand


You were on level 3 of the Dungeon.
You worshipped Trog.
Trog was pleased with you.
You visited 1 branch of the dungeon, and saw 3 of its levels.

You collected 171 gold pieces.

Inventory:

Hand Weapons
 a - a +0 mace (weapon)
Armour
 b - a +0 animal skin (worn)
 e - a +0 pair of boots (worn)
 l - a +0 cloak (worn)
Jewellery
 o - a cursed ring of flight (left hand)
 p - a ring of stealth (right hand)
Scrolls
 f - 3 scrolls of identify {unknown}
 g - a scroll of remove curse {unknown}
 h - a scroll of teleportation {unknown}
 k - a scroll of blinking {unknown}
 m - a scroll of fear {unknown}
 q - a scroll of fog {unknown}
Potions
 c - 2 potions of flight {unknown}
 d - a potion of curing {unknown}
 i - a potion of attraction {unknown}
 j - a potion of degeneration {unknown}
 n - a potion of invisibility {unknown}
 r - 2 potions of heal wounds {unknown}


   Skills:
 + Level 4.2 Fighting
 + Level 3.7 Maces & Flails
 + Level 3.4 Armour
 + Level 2.4 Dodging


You had 4 spell levels left.
You didn't know any spells.
Your spell library was empty.

Dungeon Overview and Level Annotations

Branches:
Dungeon (3/15)

Altars:
Ashenzari
Elyvilon
Gozag
Hepliaklqana
Makhleb
Ru
Sif Muna
Uskayaw
Xom
Yredelemnul


Innate Abilities, Weirdness & Mutations

You are resistant to torment.
Your stone body is resilient. (AC +4)
You are immune to poison.
You resist negative energy. (rN+)
You are resistant to electric shocks. (rElec)
You can survive without breathing.
You are immune to petrification.
You are immune to miasma.


Message History

A frightened dream sheep leaps away.
A dream sheep catches fire!
The dream sheep is struck with panic!
A dream sheep catches fire!
The dream sheep stampedes away.
A dream sheep catches fire!
The dream sheep bleats in terror.
You hear mad divine giggling.
Found a shimmering altar of Xom.
The dream sheep burns! x5; The dream sheep bites you.
The dream sheep bleats! x4
You hit the dream sheep.
Flame seeps out of the dream sheep.
Your attack snaps the dream sheep out of its fear.
The dream sheep is moderately wounded.
The dream sheep burns! x10
The dream sheep is engulfed in blazing flames.
The dream sheep explodes!
The fiery explosion engulfs you!!!
Ouch! That really hurt!
You die...

...# #.#..........#.# #. ##.#
#####.#÷#........#.# #. ##.#
#..........#.##..#.###.
##.########......................
......>..............#.......####
#..#######......Y.Y..#.##..### #
#..# ###..§§§Y......... #
############...○§.Y..####.## #
#.......#..§.@....# #...#
###.#####.#.........# #...#
#...................# #...#
#.......#.###....#..###...#####
#.......#.# #÷#..#............##
#.........# #.#................#
#.......### #.#.##.............#
#.......# #......##.......##.#
#.....[.# #####.#####.#...#.....


You could see 4 dream sheep.

Vanquished Creatures
  A hound (D:2)
  3 adders
  An ooze (D:3)
  3 dart slugs
  2 leopard geckos
  An orc (D:3)
  3 giant cockroaches
  6 goblins
  7 hobgoblins
  5 jackals (D:1)
  3 ball pythons (D:1)
  6 bats
  A frilled lizard (D:1)
  9 kobolds
  8 rats
59 creatures vanquished.

Vanquished Creatures (others)
  A dream sheep (D:3)
1 creature vanquished.

Grand Total: 60 creatures vanquished

Notes
Turn   | Place    | Note
-------+----------+-------------------------------------------
     0 | D:1      | Borgoz the Gargoyle Berserker began the quest for the Orb.
     0 | D:1      | Reached XP level 1. HP: 14/14 MP: 1/1
   208 | D:1      | Reached XP level 2. HP: 19/19 MP: 2/2
   331 | D:1      | Reached XP level 3. HP: 23/23 MP: 3/3
   408 | D:1      | Reached ** piety under Trog
  1059 | D:2      | Found a broken altar of Ashenzari.
  1059 | D:2      | Found a hazy altar of Hepliaklqana.
  1059 | D:2      | Found a shimmering blue altar of Sif Muna.
  1059 | D:2      | Found a hide-covered altar of Uskayaw.
  1069 | D:2      | Found a basalt altar of Yredelemnul.
  1072 | D:2      | Found an opulent altar of Gozag.
  1210 | D:2      | Reached XP level 4. HP: 29/29 MP: 4/4
  1304 | D:2      | Reached skill level 4 in Fighting
  1442 | D:2      | Found a burning altar of Makhleb.
  1873 | D:3      | Found a white marble altar of Elyvilon.
  1960 | D:3      | Reached XP level 5. HP: 28/33 MP: 5/5
  2191 | D:3      | Found a sacrificial altar of Ru.
  2247 | D:3      | Noticed a dream sheep
  2247 | D:3      | Noticed a dream sheep
  2247 | D:3      | Noticed a dream sheep
  2247 | D:3      | Noticed a dream sheep
  2247 | D:3      | Noticed a dream sheep
  2247 | D:3      | Found a shimmering altar of Xom.
  2249 | D:3      | Killed a dream sheep
  2249 | D:3      | Killed by an exploding a dream sheep... exploding inner
                  | flame

Illustrated notes

Levels and vault maps discovered:
D:1:      evilmike_arrival_crescent, layout_basic
D:2:      layout_loops_ring, minmay_overflow_temple_hex,
          makhleb_blood_cavern_becter
D:3:      layout_loops_cross, overflow_temple_1_default, kb_xom_exploding_sheep,
          nicolae_ru_the_path_less_chosen, chequers_serial_rivers_micro_a

Skill      XL: |  1  2  3  4 |
---------------+-------------+-----
Dodging        | 2 |  2.4
Armour         | 3 |  3.4
Fighting       | 4 |  4.2
Maces & Flails | |  3.7

Action                   |  1- 3 |  4- 6 || total
-------------------------+-------+-------++-------
Melee: Mace              |    99 |    67 ||   166
Invok: Berserk           |     2 |       ||     2
 Stab: Sleeping          |       |     2 ||     2
Armor: Animal skin       |    23 |    30 ||    53
Dodge: Dodged            |    87 |    48 ||   135

Table legend: (Time is in decaauts)
 A = Elapsed time spent in this place.
 B = Non-inter-level travel time spent in this place.
 C = Inter-level travel time spent in this place.
 D = Time resting spent in this place.
 E = Time spent auto-exploring this place.
 F = Levels seen in this place.
 G = Mean time per level.
                   A        B        C        D        E       F      G
               +--------+--------+--------+--------+--------+-----+--------+
         Total |   2303 |   2255 |     48 |     20 |   1842 |   3 |  767.7 |
       Dungeon |   2303 |   2255 |     48 |     20 |   1842 |   3 |  767.7 |
               +--------+--------+--------+--------+--------+-----+--------+

Top non-repeatable levels by time:
     D:2: 960 daAuts
     D:1: 890 daAuts
     D:3: 452 daAuts
